← All builds
Pond / Armada / Economy first / OBSERVED BUILD

Gunslinger buy

Armada Pond build order · Supreme Isthmus

Pond pays Tech for Gunslinger skirmish bots delivered around 5:03 to reinforce front, but the example shows it coming after the front already collapsed.

#team support · 39 distinct matches · 21 players · 4% of Armada Pond games · team won 38% of 39 · Recently observed

THE CATCH, AND WHAT COMES WITH IT
  • GunslingerGunslinger from Tech arrives 5:03 · 3% of role by thenTech makes it and hands it over.

Paid for by sending allies about 630 metal and 13,000 energy by 5:00; standard pond sends 180 metal and 9,500 energy.

Where those units first fight, in 36 games with kill data: in the middle 86%, on their own side 14%.

Those units destroy a typical 1,480 metal of enemy units by 15:00.

Then transitions into tick (23% of army), centurion (12% of army), pawn (11% of army).

Phase by phase

TYPICAL OF ITS 39 GAMES · AGAINST STANDARD POND
  1. 1
  2. 2
PLAY THE OPENING

Follow the example game's first 6:03 step by step: what to build now, what comes next, and where it goes. At 1× it keeps pace with your own game.

  1. 1

    Up to the Bot Lab

    Economy
    • Metal Extractor4Mex
    • Tidal Generator8Tidalfor allies
    • Wind Turbine6Wind
    • Tidal Generator1Tidal
    • Energy Storage1Energy storage
    Order
    1. Bot LabBot Lab after 4 mex, 6 wind, 1 energy storagedone ~4:20, middle half 3:23–8:14

    Some games also: converter (44%)

    By 4:03 in all: 4 mex · 6 wind · 1 tidal · 1 energy storage

    The example game in this phase · 44 steps
    1. Tidal ×11for Suicide front
    2. Tidal
    3. Mex ×4
    4. Wind ×5
    5. Con turret
    6. Wind ×7
    7. Converter
    8. Con turret
    9. Converter ×2
    10. Wind
    11. Converter
    12. Wind
    13. Converter
    14. Wind
    15. Converter
    16. Wind
    17. Converter
    18. Wind
    19. Converter
    20. Wind ×2
    21. Wind ×2
    22. Wind
    23. Wind
    24. Wind ×2
    25. Wind ×2
    26. Wind
    27. Converter
    28. Wind ×3
    29. Converter
    30. Wind
    31. Converter
    32. Wind ×8
    33. Advanced Metal ExtractorT2 mexdone 7:09 · typical 9:20
    34. Wind
    35. Advanced Metal ExtractorT2 mex ×3
    36. Con turret ×5
    37. Wind
    38. Con turret
    39. Wind ×2
    40. Fusion ReactorFusiondone 10:19
    41. Wind ×12
    42. T2 converter
    43. Wind ×3
    44. Bot LabBot Labdone 10:47 · typical 4:20
  2. 2

    Bot Lab to 10:00

    Economy
    • Wind Turbine16Wind−13 vs standard
    • Energy Converter1Converter−5 vs standard
    Builders
    • Construction Bot3 Con bot

    Some games also: con turret (49%) · Lazarus (44%) · tick (31%)

    The standard build makes here, this one skips: 2 con turret

    By 10:00 in all: 4 mex · 36 wind · 1 tidal · 6 converter · 1 energy storage · 1 con turret

    The example game in this phase · 122 steps
    1. Wind
    2. Construction BotCon bot
    3. Wind
    4. Wind
    5. Vehicle PlantVehicle Plantdone 11:00
    6. Wind
    7. Construction VehicleCon vehicle
    8. Wind
    9. Con turret ×2
    10. Wind
    11. Advanced Vehicle PlantAdvanced Vehicle Plantdone 11:44
    12. Wind
    13. Wind ×3
    14. Advanced Metal ExtractorT2 mex
    15. Wind ×3
    16. Wind ×2
    17. Wind
    18. MauserMauserfor Suicide front
    19. Wind
    20. Wind
    21. MauserMauserfor Suicide front
    22. Wind
    23. Wind
    24. Wind
    25. MauserMauserfor Suicide front
    26. Wind
    27. Wind
    28. MauserMauserfor Suicide front
    29. Wind
    30. MauserMauserfor Suicide front
    31. Wind
    32. Wind
    33. MauserMauserfor Suicide front
    34. Wind
    35. AmbassadorAmbassadordone 12:28
    36. Wind
    37. Wind
    38. Advanced Metal ExtractorT2 mex
    39. Wind
    40. AmbassadorAmbassador
    41. Wind
    42. Wind
    43. Wind ×2
    44. Wind
    45. AmbassadorAmbassador
    46. Wind
    47. Wind ×2
    48. UmbraJammer
    49. Wind
    50. Wind
    51. Advanced Metal ExtractorT2 mex
    52. ProphetRadar vehicle
    53. Wind
    54. Wind
    55. MauserMauserfor Suicide front
    56. Converter
    57. Wind
    58. Converter ×2
    59. Wind
    60. Converter ×3
    61. Wind
    62. Converter
    63. MauserMauserfor Suicide front
    64. Wind
    65. Converter
    66. Wind ×2
    67. MauserMauserfor Suicide front
    68. Wind
    69. Converter
    70. MauserMauser
    71. Converter
    72. Wind
    73. Converter
    74. Wind
    75. MauserMauser
    76. Wind
    77. Converter ×2
    78. Wind
    79. MauserMauser
    80. Wind
    81. Converter
    82. Wind
    83. Converter
    84. GremlinStealth tank
    85. Wind
    86. StarlightStarlightdone 14:08
    87. Wind
    88. Converter
    89. Fortification WallFortification Wall ×2
    90. Converter
    91. Wind
    92. Fortification WallFortification Wall
    93. Wind
    94. StarlightStarlight
    95. Converter
    96. Wind ×2
    97. Converter
    98. Fortification WallFortification Wall ×3
    99. Wind
    100. Converter
    101. Wind
    102. StarlightStarlight
    103. Converter
    104. Wind
    105. Fortification WallFortification Wall
    106. Converter
    107. Fortification WallFortification Wall
    108. Fusion ReactorFusion
    109. Converter
    110. Fortification WallFortification Wall
    111. Con turret
    112. Fortification WallFortification Wall
    113. Con turret ×2
    114. UmbraJammer
    115. Con turret
    116. Converter
    117. Fortification WallFortification Wall
    118. Con turret
    119. Pit BullPit Bull
    120. Wind
    121. Con turret
    122. Converter

Counts are medians over the build's games: half of them build more, half fewer. The example game is Viltrum's (43 OS, 27/08/2026); pick another.

Team trades

IN AT LEAST 30% OF ITS GAMES

You hand over

  • Tidal Generator8 Tidal to Suicide front or Frontfirst at 0:10 · in 100% of games

You get

  • Hercules1 Light transport from Air or Techfirst at 4:25 · in 33% of games
  • Gunslinger1 Gunslinger from Techfirst at 5:03 · in 100% of games
  • Advanced Construction Bot1 T2 con bot from Techfirst at 7:39 · in 97% of games

How it plays out

Typical game of this build against the role’s standard build, running totals by minute

  • This build
  • Standard pond

Metal produced

010k20k30k
0:005:0010:0015:00

metal

Enemy metal destroyed

02k4k6k
0:005:0010:0015:00

metal

Own metal lost

02k4k6k
0:005:0010:0015:00

metal

Metal sent to allies

01k2k
0:005:0010:0015:00

metal

Energy sent to allies

025k50k75k
0:005:0010:0015:00

metal

39 games.

Show as table
ByMetal produced: This buildMetal produced: Standard pondEnemy metal destroyed: This buildEnemy metal destroyed: Standard pondOwn metal lost: This buildOwn metal lost: Standard pondMetal sent to allies: This buildMetal sent to allies: Standard pondEnergy sent to allies: This buildEnergy sent to allies: Standard pond
1:0011511500000013211246
2:0026827800000028572552
3:0077582600000054683993
4:00144715060000361079786169
5:00218522340000627184134539516
6:00289230531300007333991766414127
7:0038313980684012909035222046716808
8:004929496214012783788610155912634721320
9:0061786223233555165027012766322742522939
10:00752676952584764106839215306373246926552
11:00955797133062940130468817257433487530310
12:001162412311318212861722107817257854581231879
13:001380014783458717832075160417948335504934636
14:001607517678466122764076224617949565771237771
15:001887320172531428454780303817949926003141211
THE EXAMPLE YOU ARE READING

Viltrum

43.2 OS · 27/08/2026

Open source match ↗

45 received units · includes a constructor
395 metal received · 21057 energy received

Allied construction assistance is unknown. Timings are observations, not a promise of solo reproducibility.

Typical milestones

Bot Lab4:20Middle 50%: 3:23–8:14 · n=39
Advanced Metal Extractor9:20Middle 50%: 8:40–10:16 · n=36

Played most by

Viltrum9games of this buildDeathkebab4games of this buildChaoticNoob3games of this buildGeeGee3games of this buildmaccommander3games of this build